 Dungeon Crawl Stone Soup version 0.31-a0-702-gf82c85558f (webtiles) character file.

Game seed: 5535986043654658266

1134 qw the Skirmisher (level 8, -4/51 HPs)
             Began as a Gargoyle Hunter on Sept 7, 2023.
             Slain by a troll (9 damage)
             ... on level 5 of the Dungeon.
             The game lasted 00:02:01 (3931 turns).

qw the Skirmisher (Gargoyle Hunter)                 Turns: 3931, Time: 00:02:01

Health: -4/51      AC: 16    Str: 14    XL:     8   Next: 36%
Magic:  8/8        EV: 12    Int: 11    God:
Gold:   952        SH:  0    Dex: 15    Spells: 7/7 levels left

rFire   . . .        Y - +0 shortbow
rCold   . . .        (shield currently unavailable)
rNeg    + . .        c - +2 leather armour {Will+}
rPois   inf          e - +2 helmet
rElec   +            (no cloak)
rCorr   .            (no gloves)
SInv    .            d - +2 pair of boots {rampage}
Will    +....        (no amulet)
Stlth   ++           (no ring)
HPRegen 0.28/turn    (no ring)
MPRegen 0.11/turn

%: rampage
@: no status effects
A: sickness immunity, AC +5, negative energy resistance 1, electricity
resistance, torment resistance 1, petrification resistance
a: no special abilities


You were on level 5 of the Dungeon.
You visited 1 branch of the dungeon, and saw 5 of its levels.

You collected 1362 gold pieces.
You spent 410 gold pieces at shops.


Innate Abilities, Weirdness & Mutations

You are immune to sickness and miasma.
Your stone body is resilient. (AC +5)
You are immune to poison.
You resist negative energy. (rN+)
You are resistant to electric shocks. (rElec)
You are resistant to unholy torment.
You are immune to petrification.


   Skills:
 + Level 5.7 Fighting
 - Level 9.0 Ranged Weapons
 - Level 1.3 Armour
 - Level 2.0 Dodging
 - Level 1.1 Stealth


You had 7 spell levels left.
You didn't know any spells.
Your spell library was empty.

Inventory:

Hand Weapons
 Y - a +0 shortbow (weapon)
Armour
 a - a +2 robe of fire resistance
 b - a +1 robe of cold resistance
 c - a +2 leather armour of willpower (worn)
 d - a +2 pair of boots of rampaging (worn)
 e - a +2 helmet (worn)
Scrolls
 g - a scroll of identify
 j - a scroll of blinking {unknown}
 k - a scroll of poison {unknown}
Potions
 f - a potion of enlightenment
 h - a potion of mutation
 i - a potion of curing
 l - a potion of cancellation
 m - 3 potions of attraction {unknown}

Dungeon Overview and Level Annotations

Branches:
Dungeon (5/15)
 Temple: D:4-7

Altars:
Yredelemnul

Shops:
D:2 [


Message History

The troll bites you. The troll barely misses you.
The troll completely misses you.
You shoot an arrow. The arrow hits the troll!
The troll is heavily wounded.
The troll bites you. The troll claws you!
The troll claws you but does no damage.
You shoot an arrow. The arrow closely misses the troll.
The arrow hits the gnoll bouda.
The gnoll bouda is moderately wounded.
The troll closely misses you. The troll claws you but does no damage.
The troll claws you.
You shoot an arrow. The arrow hits the troll!
The troll is severely wounded.
The troll barely misses you. The troll closely misses you.
The troll claws you but does no damage.
You shoot an arrow. The arrow closely misses the troll.
The arrow hits the gnoll bouda but does no damage.
The gnoll bouda is moderately wounded.
The troll bites you but does no damage.
The troll claws you but does no damage. x2
You shoot an arrow. The arrow barely misses the troll.
The arrow hits the gnoll bouda.
The gnoll bouda is heavily wounded.
The troll closely misses you. The troll claws you but does no damage.
The troll barely misses you.
You shoot an arrow.
The arrow hits the troll but does no damage.
The troll is heavily wounded.
The troll barely misses you. x2; The troll misses you.
You shoot an arrow.
The arrow hits the troll but does no damage.
The troll is heavily wounded.
The troll barely misses you. x2; The troll claws you.
You shoot an arrow. The arrow hits the troll!
The troll is severely wounded.
The troll bites you. The troll claws you! x2
You shoot an arrow. The arrow closely misses the troll.
The arrow hits the gnoll bouda.
The gnoll bouda is almost dead.
The troll bites you!
You die...

###....####
##.........#
#..#%#..##.#
##.##.##.##.#
#..#.[.#..#.#
#.#######.#.#
##.#:....#.#.#
#..#.....)...#
#@#########..#
# ##T#......
#..## ##
#.g'.O.o..
#...###.
#..#......
#.......
#..#######
#....... #...
+...##...
#.#.#
#.#..##..
#...# #...)
#.. ##...
..#.....#


You could see a troll and a gnoll bouda.

Vanquished Creatures
  A water moccasin (D:5)
  2 ogres
  A phantom (D:3)
  5 scorpions
  A howler monkey (D:4)
  A hound (D:4)
  A jelly (D:5)
  2 orc priests (D:4)
  Jessica (D:3)
  3 orc wizards
  Natasha (thrice) (D:4)
  4 adders
  3 gnolls (D:4)
  A white imp (D:5)
  An ufetubus (D:5)
  3 worms
  2 dart slugs
  13 orcs
  4 ball pythons
  A bat (D:3)
  5 endoplasms
  3 giant cockroaches
  2 goblins (D:2)
  4 hobgoblins
  7 jackals
  3 kobolds
  6 quokkas
  2 frilled lizards
  3 rats
88 creatures vanquished.

Notes
Turn   | Place    | Note
-------+----------+-------------------------------------------
     0 | D:1      | qw the Gargoyle Hunter began the quest for the Orb.
     0 | D:1      | Reached XP level 1. HP: 12/12 MP: 1/1
     0 | D:1      | 0 ||| qw: Version: 0.3-a-76-g4403597
     0 | D:1      | 0 ||| qw: Game counter: 768
     0 | D:1      | 0 ||| qw: Melee chars always use a shield: true
     0 | D:1      | 0 ||| qw: God list: Okawaru
     0 | D:1      | 0 ||| qw: Allow faded altars: false
     0 | D:1      | 0 ||| qw: Do Orc after clearing Dungeon:15 true
     0 | D:1      | 0 ||| qw: Do second Lair branch before Depths: true
     0 | D:1      | 0 ||| qw: Lair rune preference: random
     0 | D:1      | 0 ||| qw: Goals: Normal
     0 | D:1      | 0 ||| PLANNING D:1-11
   518 | D:1      | Reached XP level 2. HP: 17/17 MP: 2/2
   848 | D:1      | 848 ||| READING scroll labelled ETESHIY EHEINT.
   849 | D:1      | 849 ||| READING scroll labelled IWIYZODYIN.
   850 | D:1      | 850 ||| READING scroll labelled YPLISAEKEGG.
   850 | D:1      | Identified a scroll of acquirement
   850 | D:1      | 850 ||| ACQUIRING 1144 gold pieces
   850 | D:1      | Acquired 1144 gold pieces
   852 | D:1      | 852 ||| READING scroll labelled ESYQAI BANO.
   853 | D:1      | 853 ||| READING scroll labelled PAAREAGARE.
   854 | D:1      | 854 ||| READING scroll labelled DUEVYPN CEPLOCW.
   859 | D:1      | 859 ||| DRINKING 2 fizzy silvery potions.
   860 | D:1      | 860 ||| DROPPING scroll of butterflies.
   949 | D:2      | Reached XP level 3. HP: 21/21 MP: 3/3
   964 | D:2      | Found Xeohok's Armour Emporium.
   968 | D:2      | 968 ||| BUYING +1 robe of cold resistance (152 gold).
   968 | D:2      | Bought a +1 robe of cold resistance for 152 gold pieces
   968 | D:2      | 968 ||| BUYING +2 pair of boots of rampaging (258 gold).
   968 | D:2      | Bought a +2 pair of boots of rampaging for 258 gold pieces
   984 | D:2      | Reached skill level 5 in Ranged Weapons
  1101 | D:2      | Found a faded altar of an unknown god.
  1243 | D:2      | Reached skill level 3 in Fighting
  1287 | D:2      | Reached XP level 4. HP: 28/28 MP: 4/4
  1681 | D:2      | 1681 ||| UPGRADING to +1 robe of cold resistance.
  1691 | D:2      | 1691 ||| UPGRADING to +2 pair of boots of rampaging.
  1696 | D:2      | 1696 ||| READING scroll labelled LOUNYI WYSSO.
  1697 | D:2      | 1697 ||| READING 2 scrolls labelled ZIPNIO NIFEENN.
  1698 | D:2      | 1698 ||| READING scroll labelled URGHOI DAYR.
  1699 | D:2      | 1699 ||| DROPPING scroll of vulnerability.
  1880 | D:3      | Identified the +1 long sword of Xetzy {freeze, rN++ Str+2
                  | Stlth+}
  2024 | D:3      | Noticed Jessica
  2030 | D:3      | Killed Jessica
  2149 | D:3      | Noticed a phantom
  2156 | D:3      | Killed a phantom
  2157 | D:3      | Reached skill level 6 in Ranged Weapons
  2157 | D:3      | Reached XP level 5. HP: 27/32 MP: 5/5
  2316 | D:3      | 2316 ||| UPGRADING to +2 robe of fire resistance.
  2326 | D:3      | 2326 ||| DROPPING +0 leather armour.
  2327 | D:3      | 2327 ||| READING 6 scrolls of identify.
  2327 | D:3      | 2327 ||| IDENTIFYING murky green potion
  2328 | D:3      | 2328 ||| READING 5 scrolls of identify.
  2328 | D:3      | 2328 ||| IDENTIFYING amethyst potion
  2329 | D:3      | 2329 ||| READING 4 scrolls of identify.
  2329 | D:3      | 2329 ||| IDENTIFYING fuming silvery potion
  2330 | D:3      | 2330 ||| READING 3 scrolls of identify.
  2330 | D:3      | 2330 ||| IDENTIFYING emerald potion
  2331 | D:3      | 2331 ||| DROPPING potion of brilliance.
  2439 | D:4      | Reached XP level 6. HP: 37/38 MP: 6/6
  2613 | D:4      | 2613 ||| FLEEEEING.
  2614 | D:4      | 2614 ||| FLEEEEING.
  2615 | D:4      | 2615 ||| FLEEEEING.
  2616 | D:4      | 2616 ||| FLEEEEING.
  2617 | D:4      | 2617 ||| FLEEEEING.
  2618 | D:4      | 2618 ||| FLEEEEING.
  2619 | D:4      | 2619 ||| FLEEEEING.
  2620 | D:4      | 2620 ||| FLEEEEING.
  2621 | D:4      | 2621 ||| FLEEEEING.
  2622 | D:4      | 2622 ||| FLEEEEING.
  2623 | D:4      | 2623 ||| FLEEEEING.
  2624 | D:4      | 2624 ||| FLEEEEING.
  2625 | D:4      | 2625 ||| FLEEEEING.
  2626 | D:4      | 2626 ||| FLEEEEING.
  2627 | D:4      | 2627 ||| FLEEEEING.
  2628 | D:4      | 2628 ||| FLEEEEING.
  2629 | D:4      | 2629 ||| FLEEEEING.
  2630 | D:4      | 2630 ||| FLEEEEING.
  2631 | D:4      | 2631 ||| FLEEEEING.
  2632 | D:4      | 2632 ||| FLEEEEING.
  2633 | D:4      | 2633 ||| FLEEEEING.
  2634 | D:4      | 2634 ||| FLEEEEING.
  2635 | D:4      | 2635 ||| FLEEEEING.
  2637 | D:4      | 2637 ||| FLEEEEING.
  2638 | D:4      | 2638 ||| FLEEEEING.
  2639 | D:4      | 2639 ||| FLEEEEING.
  2640 | D:4      | 2640 ||| FLEEEEING.
  2641 | D:4      | 2641 ||| FLEEEEING.
  2642 | D:4      | 2642 ||| FLEEEEING.
  2643 | D:4      | 2643 ||| FLEEEEING.
  2644 | D:4      | 2644 ||| FLEEEEING.
  2645 | D:4      | 2645 ||| FLEEEEING.
  2646 | D:4      | 2646 ||| FLEEEEING.
  2647 | D:4      | 2647 ||| FLEEEEING.
  2648 | D:4      | 2648 ||| FLEEEEING.
  2649 | D:4      | 2649 ||| STAIRDANCE
  2664 | D:3      | 2664 ||| DROPPING +0 robe of cold resistance.
  2703 | D:4      | Noticed Natasha
  2705 | D:4      | Killed Natasha
  2785 | D:4      | HP: 9/38 [ogre/+0 giant club (5)]
  2786 | D:4      | 2786 ||| DRINKING potion of heal wounds.
  2789 | D:4      | Reached skill level 7 in Ranged Weapons
  2858 | D:4      | 2858 ||| Stepping ~*~*~tactically~*~*~ (outnumbered).
  2860 | D:4      | 2860 ||| RETREATING.
  2862 | D:4      | 2862 ||| Stepping ~*~*~tactically~*~*~ (outnumbered).
  2864 | D:4      | Reached XP level 7. HP: 28/43 MP: 7/7
  2876 | D:4      | 2876 ||| FLEEEEING.
  2945 | D:4      | HP: 8/43 [orc wizard/magic dart (8)]
  3110 | D:4      | 3110 ||| FLEEEEING.
  3115 | D:4      | 3115 ||| FLEEEEING.
  3116 | D:4      | 3116 ||| FLEEEEING.
  3117 | D:4      | 3117 ||| FLEEEEING.
  3118 | D:4      | 3118 ||| FLEEEEING.
  3122 | D:4      | 3122 ||| FLEEEEING.
  3123 | D:4      | 3123 ||| FLEEEEING.
  3124 | D:4      | 3124 ||| FLEEEEING.
  3128 | D:4      | 3128 ||| FLEEEEING.
  3129 | D:4      | 3129 ||| FLEEEEING.
  3130 | D:4      | 3130 ||| FLEEEEING.
  3131 | D:4      | 3131 ||| FLEEEEING.
  3137 | D:4      | 3137 ||| STAIRDANCE
  3158 | D:3      | 3158 ||| UPGRADING to +2 leather armour of willpower.
  3211 | D:4      | Reached skill level 1 in Armour
  3306 | D:4      | Noticed Natasha
  3322 | D:4      | Killed Natasha
  3332 | D:4      | Noticed Natasha
  3333 | D:4      | 3333 ||| FLEEEEING.
  3395 | D:4      | Killed Natasha
  3525 | D:4      | Found a basalt altar of Yredelemnul.
  3562 | D:4      | 3562 ||| UPGRADING to +0 helmet.
  3567 | D:4      | 3567 ||| READING 2 scrolls of identify.
  3567 | D:4      | 3567 ||| IDENTIFYING sedimented grey potion
  3583 | D:5      | Entered Level 5 of the Dungeon
  3594 | D:5      | Reached skill level 8 in Ranged Weapons
  3761 | D:5      | 3761 ||| READING 2 scrolls of enchant armour.
  3761 | D:5      | 3761 ||| ENCHANTING +0 helmet.
  3762 | D:5      | 3762 ||| READING scroll of enchant armour.
  3762 | D:5      | 3762 ||| ENCHANTING +1 helmet.
  3864 | D:5      | Reached XP level 8. HP: 48/49 MP: 8/8
  3901 | D:5      | Noticed a troll
  3902 | D:5      | 3902 ||| RETREATING.
  3903 | D:5      | 3903 ||| Stepping ~*~*~tactically~*~*~ (retreating).
  3910 | D:5      | Reached skill level 9 in Ranged Weapons
  3930 | D:5      | HP: 5/51 [troll (8)]
  3931 | D:5      | Slain by a troll

Levels and vault maps discovered:
D:1:      tarquinn_simple_flora_water_d, layout_basic, chequers_mini_garden
D:2:      layout_basic, shapermc_ecumenical_altar_rom_forum, serial_shops,
          nicolae_shop_pleasant_corner_grove
D:3:      layout_basic, due_unseen_surprise, uniq_jessica
D:4:      layout_loops_ring, mainiacjoe_overflow_brackets, due_unseen_surprise,
          uniq_natasha
D:5:      layout_cave_pools, minmay_temple_entry_slanted, minmay_divided_ellipse

Skill      XL: |  1  2  3  4  5  6  7  8 |
---------------+-------------------------+-----
Ranged Weapons | 5 6 7 8 9 |  9.0
Fighting       | 3 4 5 |  5.7
Dodging        | 2 |  2.0
Armour         | 1 |  1.3
Stealth        | |  1.1

Action                     |  1- 3 |  4- 6 |  7- 9 || total
---------------------------+-------+-------+-------++-------
   Fire: Shortbow          |    90 |   136 |   238 ||   464
    Use: Scroll            |     6 |     7 |     3 ||    16
         Potion            |     1 |     1 |       ||     2
 Armour: Leather armour    |    24 |     4 |    80 ||   108
         Robe              |       |    36 |    47 ||    83
  Dodge: Dodged            |    31 |    56 |    79 ||   166

Table legend:
 A = Non-vault XP
 B = Vault XP
 C = Vault XP percentage of total XP
 D = Non-vault monster count
 E = Vault monster count
 F = Vault count percentage of total count
                 A         B        C        D         E       F
            +---------+---------+-------+---------+---------+-------
      Total |    1039 |     582 |  35.9 |      79 |       9 |  10.2
            +---------+---------+-------+---------+---------+-------
        D:1 |      12 |       0 |   0.0 |       7 |       0 |   0.0
        D:2 |      74 |       0 |   0.0 |      23 |       0 |   0.0
        D:3 |     149 |      37 |  19.9 |      15 |       1 |   6.2
        D:4 |     569 |      35 |   5.8 |      25 |       1 |   3.8
        D:5 |     235 |     510 |  68.5 |       9 |       7 |  43.8
            +---------+---------+-------+---------+---------+-------
